 Dungeon Crawl Stone Soup version 0.30-a0-782-ge64f9170bb (webtiles) character file.

Game seed: 8410452133832060585

11469 Flugkiller the Arsonist (level 11, -24/69 HPs)
             Began as an Octopode Fire Elementalist on Mar 5, 2023.
             Was an Initiate of Gozag.
             Annihilated by a cane toad (25 damage)
             ... on level 1 of the Lair of Beasts.
             The game lasted 00:17:57 (14392 turns).

Flugkiller the Arsonist (OpFE)                     Turns: 14392, Time: 00:17:57

Health: -24/69     AC:  1    Str:  8    XL:     11   Next: 78%
Magic:  17/23      EV: 13    Int: 28    God:    Gozag
Gold:   1640       SH:  0    Dex: 12    Spells: 20/27 levels left

rFire   + . .      SeeInvis .    f - +7 mace of Variability {chaos, chain chaos}
rCold   . . .      Faith    .    (shield currently unavailable)
rNeg    . . .      Spirit   .    (helmet restricted)
rPois   +          Reflect  .    (no amulet)
rElec   .          Harm     .    p - ring of protection from fire
rCorr   .          Rampage  .    o - ring of poison resistance
Will    .....                    E - +6 ring of intelligence
Stlth   +++                      (no ring)
HPRegen 0.31/turn                (no ring)
MPRegen 0.18/turn                (no ring)
                                 (no ring)
                                 (no ring)

@: gold aura
A: almost no armour, amphibious, 8 rings, camouflage 1, gelatinous body 1,
(nimble swimmer 1), tentacles
a: Renounce Religion, Potion Petition, Call Merchant, Bribe Branch


You were on level 1 of the Lair of Beasts.
You worshipped Gozag.
Gozag was most pleased with you.
You visited 3 branches of the dungeon, and saw 13 of its levels.

You collected 2823 gold pieces.
You paid 1183 gold pieces to Gozag.

Inventory:

Hand Weapons
 f - the +7 mace of Variability (weapon) {chaos, chain chaos}
   (You found it on level 8 of the Dungeon)
 l - a +0 dagger
   (You took it off a kobold on level 2 of the Dungeon)
Missiles
 u - 4 curare-tipped darts
Jewellery
 o - a ring of poison resistance (right tentacle)
   (You took it off an orc on level 3 of the Dungeon)
 p - a ring of protection from fire (left tentacle)
   (You found it on level 1 of the Dungeon)
 E - a +6 ring of intelligence (on tentacle)
   (You found it on level 10 of the Dungeon)
 G - a ring of resist corrosion
   (You found it on level 1 of the Lair of Beasts)
Wands
 b - a wand of mindburst (2)
   (You found it on level 5 of the Dungeon)
 k - a wand of flame (26)
   (You found it on level 2 of the Dungeon)
 n - a wand of digging (5)
   (You found it on level 3 of the Dungeon)
 v - a wand of polymorph (5)
   (You took it off a vampire on level 7 of the Dungeon)
 w - a wand of roots (8)
   (You found it on level 8 of the Dungeon)
 A - a wand of quicksilver (9)
   (You found it on level 8 of the Dungeon)
Scrolls
 c - 3 scrolls of immolation
 e - 2 scrolls of torment
 g - 2 scrolls of poison
 i - 2 scrolls of enchant weapon
 t - 3 scrolls of teleportation
 y - 4 scrolls of magic mapping
 z - a scroll of blinking
 C - a scroll of amnesia
 D - a scroll of fog {unknown}
Potions
 a - a potion of magic
 d - 2 potions of might
 h - 2 potions of haste
 j - 2 potions of berserk rage
 m - 2 potions of flight
 q - 3 potions of curing
 r - 2 potions of brilliance {unknown}
 s - a potion of mutation {unknown}
 x - a potion of ambrosia {unknown}
 B - a potion of cancellation {unknown}
 F - a potion of invisibility {unknown}


   Skills:
 - Level 4.0 Fighting
 - Level 2.0 Dodging
 - Level 2.6 Stealth
 - Level 8.7 Spellcasting
 + Level 10.2 Conjurations
 + Level 10.7 Fire Magic
 - Level 6.0 Evocations


You had 20 spell levels left.
You knew the following spells:

 Your Spells              Type           Power      Damage    Failure   Level
a - Foxfire               Conj/Fire      100%       2x1d9     1%          1
b - Scorch                Fire           100%       2d10      1%          2
c - Flame Wave            Conj/Fire      63%        2d15      1%          4

Your spell library contained the following spells:

 Spells                   Type           Power      Damage    Failure   Level
 Hailstorm                Conj/Ice       41%        3d10      1%          3
 Inner Flame              Hex/Fire       42%        N/A       1%          3
 Stone Arrow              Conj/Erth      82%        3d12      1%          3
 Sticky Flame             Conj/Fire      63%        2d8       1%          4
 Ignite Poison            Fire/Tmut/Pois 32%        N/A       3%          3
 Kindle Blastsparks       Fire/Tloc/Air  64%        2d15      3%          3
 Mephitic Cloud           Conj/Pois/Air  31%        N/A       3%          3
 Necrotise                Necr           48%        1d6       4%          1
 Sandblast                Erth           24%        2d8       4%          1
 Cigotuvi's Dreadful Rot  Necr/Pois/Air  24%        N/A       7%          2
 Ensorcelled Hibernation  Hex/Ice        24%        N/A       7%          2
 Passwall                 Tmut/Erth      10%        N/A       7%          2
 Poisonous Vapours        Pois/Air       24%        N/A       7%          2
 Frozen Ramparts          Ice            24%        1d4       14%         3
 Swiftness                Air            12%        N/A       14%         3
 Vampiric Draining        Necr           12%        2d6       14%         3
 Ice Form                 Ice/Tmut       12%        N/A       41%         4
 Summon Ice Beast         Ice/Summ       12%        N/A       41%         4
 Iron Shot                Conj/Erth      20%        9d5       63%         6
 Agony                    Necr           12%        N/A       77%         5
 Blade Hands              Tmut           6%         N/A       77%         5
 Ignition                 Fire           32%        3d10      98%         8
 Animate Armour           Summ/Erth      Unusable   N/A       N/A         4
 Simulacrum               Ice/Necr       Unusable   N/A       N/A         6

Dungeon Overview and Level Annotations

Branches:
Dungeon (11/15) Zot: 26168  Temple (1/1) D:4 Zot: 5911    Lair (1/5) D:10 Zot: 5346
    Orc (0/2) D:10

Altars:
Ashenzari
Cheibriados
Dithmenos
Elyvilon
Fedhas
Gozag
Hepliaklqana
Kikubaaqudgha
Makhleb
Nemelex Xobeh
Okawaru
Qazlal
Ru
Sif Muna
Trog
Uskayaw
Vehumet
Wu Jian
Xom
Yredelemnul
Zin
The Shining One

Shops:
D:4 [   D:9 :   Lair:1 (

Portals:
Trove: D:10 (give 7 scrolls of fog)

Annotations:
D:9 3 runed translucent doors, exclusion: obsidian statue, ThereIsNoGod's ghost, journeyman OpFi


Innate Abilities, Weirdness & Mutations

You cannot wear most types of armour.
You are amphibious.
You can wear up to eight rings at the same time.
Your skin changes colour to match your surroundings (Stealth+).
Your rubbery body absorbs attacks. (AC +1, EV +1)
((You are camouflaged when in or above water. (Stealth+)))
You have tentacles for arms and can constrict up to eight enemies at once.


Message History

The komodo dragon is heavily wounded.
The komodo dragon's fire resistance burns away.
You hear a loud, deep croak!
Casting: Scorch (safe; 1% risk of failure)
Confirm with . or Enter, or press ? or * to list all spells.
Flames lash the komodo dragon.
The komodo dragon is burned terribly!
The komodo dragon is heavily wounded.
You hear a croak.
A cane toad comes into view.
Casting: Scorch (safe; 1% risk of failure)
Confirm with . or Enter, or press ? or * to list all spells.
A wave of flame ripples out!
The flame wave engulfs the komodo dragon!!
The komodo dragon is burned terribly!
You kill the komodo dragon!
The flame wave engulfs the fungus!
The fungus begins to die.
The fungus is lightly damaged. (Press . to intensify the flame waves.)
You hear a croak.
A wave of flame ripples out!
The flame wave engulfs the fungus!!
The fungus is lightly damaged.
Unknown command.
A nearby fungus withers and dies.
A cane toad is nearby!
Casting: Flame Wave (dangerous; 1% risk of failure)
Confirm with . or Enter, or press ? or * to list all spells.
Flames lash the cane toad.
The cane toad is lightly wounded.
The cane toad's fire resistance burns away.
The cane toad is distracted by your dazzling golden aura.
Casting: Scorch (safe; 1% risk of failure)
Confirm with . or Enter, or press ? or * to list all spells.
A wave of flame ripples out! (Press . to intensify the flame waves.)
The cane toad croaks.
A wave of flame ripples out!
The flame wave engulfs the cane toad.
The cane toad is burned terribly!
The cane toad is moderately wounded.
The cane toad is no longer distracted by gold.
A wave of flame ripples out!
The flame wave engulfs the cane toad!
The cane toad is burned terribly!
The cane toad is heavily wounded.
You finish channelling waves of flame.
The cane toad stings you! The cane toad barely misses you.
Casting: Flame Wave (dangerous; 1% risk of failure)
Confirm with . or Enter, or press ? or * to list all spells.
A wave of flame ripples out!
The flame wave engulfs the cane toad!!
The cane toad is burned terribly!
You kill the cane toad! (Press . to intensify the flame waves.)
A wave of flame ripples out!
A wave of flame ripples out!
You finish channelling waves of flame.
You start resting.
A cane toad comes into view.
The cane toad is distracted by your dazzling golden aura.
You start resting.
HP restored.
You start resting.
Magic restored.
You now have 1622 gold pieces (gained 4).
You now have 1640 gold pieces (gained 18).
A cane toad comes into view.
A cane toad comes into view.
Unknown command.
A cane toad comes into view.
The cane toad gives a loud, deep croak! x2; You hear a loud, deep croak!
The cane toad moves out of view.
The cane toad stings you!
A cane toad comes into view.
Casting: Flame Wave (dangerous; 1% risk of failure)
Confirm with . or Enter, or press ? or * to list all spells.
A wave of flame ripples out!
The flame wave engulfs the cane toad!!
The cane toad is heavily wounded. (Press . to intensify the flame waves.)
You hear an angry hiss.
A wave of flame ripples out!
The flame wave engulfs the cane toad!
The cane toad is almost dead.
The flame wave engulfs the cane toad!
The cane toad is moderately wounded.
The flame wave engulfs the cane toad but does no damage.
The cane toad stings you! x2
A wave of flame ripples out!
The flame wave engulfs the cane toad.
You kill the cane toad!
The flame wave engulfs the cane toad!
The cane toad is severely wounded.
The flame wave engulfs the cane toad!!
The cane toad is heavily wounded.
The flame wave engulfs the cane toad but does no damage.
You finish channelling waves of flame.
The cane toad stings you!!
* * * LOW HITPOINT WARNING * * *
You are lethally poisoned!
The cane toad poisons you!
Unknown command.
You feel better. The cane toad stings you!!
* * * LOW HITPOINT WARNING * * *
The cane toad closely misses you.
A water moccasin comes into view.
The cane toad completely misses you. The cane toad stings you!!
You die...
Your body crumbles into a pile of gold.

............P##
..##........##
######.#...##
.# ####...##
#### ..#
##...## P...#
.##
##...####..# .#
#....#...# .#
###....# .#
##..@# ..#
##.FFF.# .##
##.....# .#
##....# ..###
.#S ...# ...#


You could see 3 cane toads and a water moccasin (wandering).

Vanquished Creatures
  A two-headed ogre (D:10)
  2 cane toads (Lair:1)
  2 kobold demonologists
  A komodo dragon (Lair:1)
  2 trolls
  A hornet (D:9)
  Sigmund (D:5)
  A vampire (D:7)
  2 shadows
  3 wyverns
  18 yaks
  A steam dragon (D:10)
  2 chaos spawn (D:8)
  2 acid dragons
  4 water moccasins
  2 orc warriors
  2 ice beasts (D:5)
  2 black bears
  5 ogres
  3 centaurs
  2 phantoms
  6 kobold brigands
  5 bullfrogs
  A gnoll sergeant (D:10)
  2 necrophages (D:6)
  2 scorpions
  23 killer bees
  3 howler monkeys (D:9)
  3 hounds
  A jelly (D:5)
  An orc priest (D:5)
  2 iguanas (D:5)
  5 orc wizards
  16 gnolls
  6 adders
  A white imp (D:6)
  An ufetubus (D:5)
  3 worms
  2 dart slugs
  20 orcs
  2 endoplasms
  6 giant cockroaches
  29 goblins
  28 hobgoblins
  3 jackals (D:1)
  2 quokkas
  5 ball pythons
  9 bats
  2 frilled lizards
  21 kobolds
  7 rats
276 creatures vanquished.

Vanquished Creatures (collateral kills)
  A foxfire (D:5)
1 creature vanquished.

Vanquished Creatures (others)
  707 foxfires
  A fungus (Lair:1)
  19 plants
727 creatures vanquished.

Grand Total: 1004 creatures vanquished

Notes
Turn   | Place    | Note
-------+----------+-------------------------------------------
     0 | D:1      | Flugkiller the Octopode Fire Elementalist began the quest
                  | for the Orb.
     0 | D:1      | Reached XP level 1. HP: 11/11 MP: 3/3
     2 | D:1      | Noticed a tengu
     2 | D:1      | Noticed a human
     4 | D:1      | Noticed a demonspawn
     4 | D:1      | Noticed a demigod
     6 | D:1      | Noticed an elf
     8 | D:1      | Noticed a gargoyle
     8 | D:1      | Noticed a naga
    10 | D:1      | Noticed a meteoran
    12 | D:1      | Noticed a merfolk
    12 | D:1      | Noticed a formicid
    14 | D:1      | Noticed a vampire
    14 | D:1      | Noticed a draconian
    16 | D:1      | Noticed an octopode
    16 | D:1      | Noticed a ghoul
    18 | D:1      | Noticed a minotaur
    18 | D:1      | Noticed a felid
    20 | D:1      | Noticed an ogre
    20 | D:1      | Noticed an armataur
    22 | D:1      | Noticed a troll
    24 | D:1      | Noticed a spriggan
    24 | D:1      | Noticed an octopode
    26 | D:1      | Noticed a demigod
   384 | D:1      | Reached XP level 2. HP: 14/17 MP: 5/5
  1087 | D:2      | Reached XP level 3. HP: 11/21 MP: 0/6
  1507 | D:2      | Learned a level 2 spell: Scorch
  1586 | D:2      | Reached XP level 4. HP: 26/27 MP: 1/8
  2671 | D:3      | Found a sparkling altar of Nemelex Xobeh.
  3065 | D:3      | Reached XP level 5. HP: 28/31 MP: 6/9
  3862 | D:3      | Reached XP level 6. HP: 36/36 MP: 5/11
  4329 | D:3      | Identified a scroll of acquirement
  4557 | D:4      | Found a staircase to the Ecumenical Temple.
  4566 | Temple   | Entered the Ecumenical Temple
  4728 | D:4      | Found Foiwkun's Armour Emporium.
  4751 | D:4      | Found a burning altar of Makhleb.
  4864 | D:4      | Found an opulent altar of Gozag.
  4915 | D:4      | Became a worshipper of Gozag Ym Sagoz the Greedy
  4916 | D:4      | Acquired 859 gold pieces
  4976 | D:4      | Reached skill level 5 in Fire Magic
  4978 | D:4      | Reached XP level 7. HP: 41/41 MP: 4/13
  5429 | D:5      | Entered Level 5 of the Dungeon
  5724 | D:5      | Found a white marble altar of Elyvilon.
  5807 | D:5      | Reached skill level 5 in Spellcasting
  5807 | D:5      | Reached skill level 5 in Conjurations
  5807 | D:5      | Reached XP level 8. HP: 24/46 MP: 2/15
  5928 | D:5      | Noticed Sigmund
  5935 | D:5      | Killed Sigmund
  6143 | D:5      | Found a snail-covered altar of Cheibriados.
  6323 | D:5      | Found a stormy altar of Qazlal.
  6522 | D:5      | Found an iron altar of Okawaru.
  6717 | D:5      | Learned a level 4 spell: Flame Wave
  6726 | D:6      | Reached XP level 9. HP: 51/51 MP: 8/18
  7963 | D:7      | Found a broken altar of Ashenzari.
  8113 | D:7      | HP: 2/51 [something (9)]
  9311 | D:8      | Found the +7 mace of Variability {chaos, chain chaos}
  9323 | D:8      | Reached XP level 10. HP: 38/56 MP: 12/21
  9495 | D:8      | Found a shimmering altar of Xom.
 10426 | D:9      | Found a runed translucent gate.
 10426 | D:9      | Found a runed translucent gate.
 10427 | D:9      | Found a runed translucent gate.
 10427 | D:9      | Found an opulent altar of Gozag.
 10427 | D:9      | Noticed a skeletal warrior
 10428 | D:9      | Noticed an obsidian statue
 10429 | D:9      | Noticed ThereIsNoGod's ghost (journeyman OpFi)
 10432 | D:9      | a jumping spider changed into a guardian serpent
 10432 | D:9      | Noticed a guardian serpent (shapeshifter)
 10468 | D:9      | a guardian serpent changed into a wind drake
 11278 | D:9      | Found a hide-covered altar of Uskayaw.
 11394 | D:9      | Found Rudeacw's Tremendous Tomes.
 11554 | D:10     | Entered Level 10 of the Dungeon
 11558 | D:10     | Found a blossoming altar of Fedhas.
 11577 | D:10     | Found a portal to a secret trove of treasure.
 11601 | D:10     | Found a staircase to the Lair.
 11623 | D:10     | Reached skill level 1 in Evocations
 11765 | D:10     | Reached skill level 1 in Fighting
 11769 | D:10     | Noticed a kobold demonologist
 11783 | D:10     | Noticed a rust devil
 11787 | D:10     | Noticed a soul eater
 11787 | D:10     | Killed a kobold demonologist
 11788 | D:10     | Reached XP level 11. HP: 56/66 MP: 1/23
 12090 | D:10     | Noticed a two-headed ogre
 12112 | D:10     | Killed a two-headed ogre
 12177 | D:10     | Found a staircase to the Orcish Mines.
 12613 | D:10     | Reached skill level 5 in Evocations
 12850 | D:10     | Found a basalt altar of Yredelemnul.
 13250 | D:11     | Reached skill level 10 in Fire Magic
 13740 | Lair:1   | Entered Level 1 of the Lair of Beasts
 13789 | Lair:1   | Reached skill level 10 in Conjurations
 14392 | Lair:1   | HP: 1/69 [cane toad (18)]
 14392 | Lair:1   | Annihilated by a cane toad

Illustrated notes

Levels and vault maps discovered:
D:1:      kb_arrival_jail, layout_loops_corners
D:2:      layout_rooms
D:3:      minmay_goblin_kobold_castle, layout_basic,
          mainiacjoe_overflow_six_doors_small, kennysheep_crisscross
D:4:      layout_loops_corners, grunt_gozag_statues, old_standard_altar,
          minmay_temple_entry_junction_2, serial_shops, shop
D:5:      layout_gridville, cheibriados_altar_1,
          mainiacjoe_overflow_cross_hatched, marbit_many_paths,
          hellmonk_okawaru_the_only_friend_you_need, grunt_ministairs_15,
          uniq_sigmund
D:6:      layout_rooms
D:7:      layout_loops_corners, kennysheep_little_box
D:8:      layout_loops_ring, minmay_guarded_unrand_variability
D:9:      layout_long_grid, kennysheep_mini_moat, ebering_ghost_gozag,
          nicolae_shop_i_like_big_books
D:10:     layout_irregular_city, fedhas_altar_3, overflow_temple_1_default,
          dpeg_oklobed_lair, nicolae_trove_entry_crystal
D:11:     layout_roguey
Temple:   jpeg_temple_clearing
Lair:1:   layout_hall_layers, beast_lair_carwin_9, grunt_megastairs_1

Skill      XL: |  1  2  3  4  5  6  7  8  9 10 11 |
---------------+----------------------------------+-----
Conjurations   | 2 3 4 5 6 8 9 10 | 10.2
Spellcasting   | 3 4 5 6 7 8 |  8.7
Fire Magic     | 4 5 6 7 8 9 10 | 10.7
Evocations     | 3 6 |  6.0
Fighting       | 2 4 |  4.0
Dodging        | |  2.0
Stealth        | |  2.6

Action                     |  1- 3 |  4- 6 |  7- 9 | 10-12 || total
---------------------------+-------+-------+-------+-------++-------
  Melee: Unarmed           |    14 |       |       |       ||    14
         Constrict         |     3 |     2 |     1 |     2 ||     8
         Tentacles         |     1 |     1 |     2 |     4 ||     8
         Dagger            |       |     4 |    15 |       ||    19
         Great mace        |       |       |       |    18 ||    18
   Cast: Foxfire           |    75 |   197 |   134 |    29 ||   435
         Scorch            |       |       |    40 |    34 ||    74
         Flame Wave        |       |       |     6 |    47 ||    53
 Invoke: Potion Petition   |       |       |     1 |       ||     1
         Call Merchant     |       |       |       |     1 ||     1
  Evoke: Wand              |       |       |     3 |       ||     3
    Use: Scroll            |       |    10 |     3 |     5 ||    18
         Potion            |       |       |     6 |     1 ||     7
   Stab: Distracted        |       |       |       |     1 ||     1
 Armour: Skin              |     2 |     3 |     7 |     1 ||    13
  Dodge: Dodged            |    33 |    25 |    80 |    55 ||   193

Table legend: (Time is in decaauts)
 A = Elapsed time spent in this place.
 B = Non-inter-level travel time spent in this place.
 C = Inter-level travel time spent in this place.
 D = Time resting spent in this place.
 E = Time spent auto-exploring this place.
 F = Levels seen in this place.
 G = Mean time per level.
                   A        B        C        D        E       F      G
               +--------+--------+--------+--------+--------+-----+--------+
         Total |  14396 |  14012 |    384 |   5013 |   6802 |  13 | 1107.4 |
       Dungeon |  13655 |  13284 |    371 |   4866 |   6328 |  11 | 1241.4 |
        Temple |     88 |     76 |     12 |      0 |     64 |   1 |   88.0 |
          Lair |    652 |    652 |      0 |    147 |    410 |   1 |  652.0 |
               +--------+--------+--------+--------+--------+-----+--------+

Top non-repeatable levels by time:
     D:3: 2337 daAuts
     D:8: 1491 daAuts
     D:7: 1399 daAuts
    D:10: 1396 daAuts
     D:5: 1256 daAuts
     D:9: 1148 daAuts
     D:1: 1066 daAuts
     D:2: 1041 daAuts
     D:4: 1006 daAuts
    D:11: 798 daAuts
     D:6: 714 daAuts
  Lair:1: 652 daAuts
  Temple: 88 daAuts
